[Event "Titled Tuesday Blitz August 1 Early 2023"]
[White "Velasco, Santiago"]
[Black "Mikhaylova, Irina"]
[WhiteFideId "4401328"]
[BlackFideId "4109040"]
[WhiteElo "2521"]
[BlackElo "2249"]
[Result "1-0"]
[Round "4"]
[TimeControl "180+1"]
[Date "2023.08.01"]
[WhiteClock "0:01:56"]
[BlackClock "0:00:07"]
[Board "214"]

1. e4 c5 2. Nf3 Nc6 3. d4 cxd4 4. Nxd4 e5 5. Nb5 d6 6. c4 Be7 7. Bd3 Be6 8. O-O Rc8 9. Be3 a6 10. N5c3 Bg5 11. Qd2 Bxe3 12. Qxe3 Nf6 13. Nd5 O-O 14. Nbc3 Nd4 15. h3 Nd7 16. f4 f6 17. f5 Bf7 18. g4 Nb6 19. b3 Nxd5 20. exd5 b5 21. Kg2 bxc4 22. bxc4 Rb8 23. Ne4 Rb2+ 24. Rf2 Qb6 25. Rf1 Rb8 26. h4 Qd8 27. Kg3 a5 28. Rxb2 Rxb2 29. Rf2 Rxf2 30. Qxf2 Qd7 31. Qb2 h5 32. Qb8+ Kh7 33. Qxd6 Qxd6 34. Nxd6 Bg8 35. Be4 hxg4 36. Kxg4 Ne2 37. c5 Nc3 38. c6 Bxd5 39. c7 1-0


[Site "https://www.chess.com"]

[Event "Titled Tuesday Blitz August 1 Early 2023"]
[White "Eynullayev, Atilla"]
[Black "Tuleyeva-Aketayeva, Dana"]
[WhiteFideId "13413570"]
[BlackFideId "13701932"]
[WhiteElo "2507"]
[BlackElo "2241"]
[Result "1-0"]
[Round "4"]
[TimeControl "180+1"]
[Date "2023.08.01"]
[WhiteClock "0:00:26"]
[BlackClock "0:00:00"]
[Board "215"]

1. d4 Nf6 2. c4 e6 3. Nc3 Bb4 4. e3 c5 5. Ne2 d5 6. a3 Bxc3+ 7. Nxc3 cxd4 8. exd4 dxc4 9. Bxc4 Nc6 10. Be3 O-O 11. O-O Nd5 12. Nxd5 exd5 13. Bd3 h6 14. Qf3 Be6 15. b4 a6 16. Rac1 Rc8 17. Rc5 Qh4 18. Qg3 Qxg3 19. fxg3 Rfe8 20. Kf2 b6 21. Rcc1 a5 22. b5 Ne7 23. Ke2 Ng6 24. Kd2 h5 25. a4 h4 26. Bf2 h3 27. gxh3 Bxh3 28. Rfe1 Bg4 29. Be3 Ne7 30. Rf1 g6 31. Bf4 Nf5 32. Be5 Rxc1 33. Rxc1 Rf8 34. Rc6 Re8 35. Rxb6 Ne7 36. Rf6 1-0


[Site "https://www.chess.com"]

[Event "Titled Tuesday Blitz August 1 Early 2023"]
[White "Necromon"]
[Black "Mishra, Manoj"]
[BlackFideId "5006007"]
[WhiteElo "2442"]
[BlackElo "2233"]
[Result "1-0"]
[Round "4"]
[TimeControl "180+1"]
[Date "2023.08.01"]
[WhiteClock "0:00:24"]
[BlackClock "0:00:16"]
[Board "216"]

1. Nf3 Nf6 2. b3 g6 3. Bb2 Bg7 4. c4 O-O 5. g3 d6 6. Bg2 e5 7. d3 c5 8. O-O Nc6 9. Nc3 Rb8 10. e3 a6 11. d4 Bg4 12. dxe5 dxe5 13. h3 Bf5 14. Nd5 e4 15. Nh4 Nxd5 16. Bxg7 Kxg7 17. Nxf5+ gxf5 18. cxd5 Nb4 19. d6 Qd7 20. Qh5 Rbd8 21. Rfd1 Qe6 22. Bf1 h6 23. Rac1 b6 24. a3 Nc6 25. b4 Ne5 26. bxc5 Nf3+ 27. Kg2 bxc5 28. Rxc5 Rxd6 29. Rxd6 Qxd6 30. Qxf5 Ne1+ 31. Kh1 Qg6 32. Qxg6+ fxg6 33. Rc1 Nf3 34. Be2 Nd2 35. Kg2 Rf7 36. Bxa6 Ra7 37. Rc6 Nb3 38. a4 Na5 39. Rd6 Nb3 40. Bb5 Nc5 41. Rd4 Kf6 42. Rd6+ Ke5 43. Rxg6 h5 44. Rh6 Ne6 45. Rxh5+ Kd6 46. Rh6 Rg7 47. Bc4 1-0


[Site "https://www.chess.com"]

[Event "Titled Tuesday Blitz August 1 Early 2023"]
[White "Castella Garcia, Fausto"]
[Black "hsd2016"]
[WhiteFideId "3501922"]
[WhiteElo "2390"]
[BlackElo "2227"]
[Result "1-0"]
[Round "4"]
[TimeControl "180+1"]
[Date "2023.08.01"]
[WhiteClock "0:00:06"]
[BlackClock "0:00:02"]
[Board "217"]

1. e4 e5 2. Nf3 Nc6 3. Bb5 a6 4. Ba4 Nf6 5. d4 exd4 6. O-O Be7 7. Re1 O-O 8. e5 Nd5 9. Nxd4 Nxd4 10. Qxd4 Nb6 11. Bb3 d6 12. exd6 Bf6 13. Qe4 Qxd6 14. Nc3 Bxc3 15. bxc3 Qf6 16. Bf4 Bf5 17. Qxb7 Bxc2 18. Bxc7 Bxb3 19. axb3 Nd7 20. Rad1 Nc5 21. Qb4 Ne6 22. Be5 Qf5 23. Qe4 Qh5 24. b4 Rac8 25. f3 Rfe8 26. Qg4 Qxg4 27. fxg4 Rc4 28. Bd4 Rd8 29. Rxe6 fxe6 30. Re1 Kf7 31. Re4 Rc6 32. Kf2 Rd7 33. Ke3 Kg6 34. h4 h6 35. h5+ Kf7 36. Rf4+ Kg8 37. Re4 Kf7 38. Kd3 Ke7 39. Kc2 Kf7 40. Kb3 Kg8 41. c4 Rcd6 42. Kc3 Rc6 43. c5 Kf7 44. Kc4 Ke8 45. g5 hxg5 46. Rg4 Rd5 47. Bxg7 Kf7 48. h6 Kg6 49. Bf8 Rf5 50. Bg7 Rc8 51. g3 Rf3 52. Rd4 Rxg3 53. Rd6 g4 54. Rxe6+ Kh7 55. Re7 Kg6 56. Kd5 Rd3+ 57. Ke4 Ra3 58. Re6+ Kh7 59. Kd5 g3 60. Bd4 g2 61. Re7+ Kg6 62. Rg7+ Kxh6 63. Rxg2 Rd8+ 64. Kc4 Ra2 65. Rxa2 Ra8 66. Ra5 Kg6 67. c6 Kf7 68. Kc5 Ke8 69. c7 Kd7 70. Kb6 Kc8 71. Rd5 1-0


[Site "https://www.chess.com"]

[Event "Titled Tuesday Blitz August 1 Early 2023"]
[White "Amanov, Zhanibek"]
[Black "Putri, Regita Desyari"]
[WhiteFideId "13700189"]
[BlackFideId "7109083"]
[WhiteElo "2386"]
[BlackElo "2226"]
[Result "0-1"]
[Round "4"]
[TimeControl "180+1"]
[Date "2023.08.01"]
[WhiteClock "0:00:00"]
[BlackClock "0:00:23"]
[Board "218"]

1. e4 e5 2. Nf3 Nc6 3. Bc4 Bc5 4. c3 Nf6 5. d4 exd4 6. e5 d5 7. Bb5 Ne4 8. cxd4 Bb6 9. Nc3 O-O 10. O-O Bg4 11. Be3 f6 12. Qb3 Nxc3 13. Qxc3 Bxf3 14. gxf3 fxe5 15. dxe5 Rxf3 16. Kg2 Rf8 17. Bxc6 bxc6 18. Bxb6 axb6 19. Kh1 c5 20. e6 d4 21. Qg3 Qd5+ 22. f3 Qxe6 23. Rae1 Qf7 24. Rg1 Rae8 0-1


[Site "https://www.chess.com"]

[Event "Titled Tuesday Blitz August 1 Early 2023"]
[White "campochess"]
[Black "Mikhalsky, Vladimir"]
[BlackFideId "14144352"]
[WhiteElo "2213"]
[BlackElo "2385"]
[Result "1/2-1/2"]
[Round "4"]
[TimeControl "180+1"]
[Date "2023.08.01"]
[WhiteClock "0:00:40"]
[BlackClock "0:00:18"]
[Board "219"]

1. d4 Nf6 2. Bg5 g6 3. Bxf6 exf6 4. c4 f5 5. Nc3 Bg7 6. e3 O-O 7. g3 c5 8. Nge2 cxd4 9. exd4 Qb6 10. Bg2 Qxb2 11. O-O Nc6 12. Rb1 Qa3 13. Rb3 Qa5 14. Rb5 Qa3 15. Rb3 Qe7 16. Nd5 Qd6 17. c5 Qb8 18. Nb4 Nxb4 19. Rxb4 a5 20. Rb1 Qc7 21. Nf4 d6 22. Nd5 Qd8 23. Re1 Rb8 24. Ne7+ Kh8 25. Nxc8 Qxc8 26. cxd6 Qd7 27. Re7 Qxd6 28. Rexb7 Rxb7 29. Rxb7 Bxd4 30. Kh1 f4 31. Rb5 Rd8 32. Rxa5 fxg3 33. Rd5 Qf6 34. Rxd8+ Qxd8 35. hxg3 Qb6 36. f4 Bf6 37. Kh2 h5 38. Qd5 h4 39. gxh4 Qf2 40. Qxf7 Qxf4+ 41. Kh1 Qc1+ 42. Kh2 Be5+ 43. Kh3 Qe3+ 44. Qf3 Qxf3+ 45. Bxf3 Kg7 46. Kg4 Kf6 47. h5 gxh5+ 48. Kxh5 Ke7 49. a4 Bc3 50. Kg6 Kd6 51. Be2 Kc7 52. Kf5 Kb6 53. Ke4 Ka5 54. Bb5 Bh8 55. Kd5 Bg7 56. Kc4 Bh8 57. Kd5 Bg7 58. Kc4 Bh8 59. Kd5 1/2-1/2


[Site "https://www.chess.com"]

[Event "Titled Tuesday Blitz August 1 Early 2023"]
[White "UgarteCesar"]
[Black "Jegorovas, Aleksandras"]
[BlackFideId "12801950"]
[WhiteElo "2206"]
[BlackElo "2346"]
[Result "0-1"]
[Round "4"]
[TimeControl "180+1"]
[Date "2023.08.01"]
[WhiteClock "0:00:00"]
[BlackClock "0:01:15"]
[Board "220"]

1. d4 e6 2. Bf4 c5 3. e3 Nc6 4. c3 d5 5. Nf3 Bd6 6. Bg3 Nf6 7. Bd3 O-O 8. Nbd2 b6 9. O-O Bb7 10. Ne5 Ne7 11. f4 Nf5 12. Bxf5 exf5 13. Bh4 Be7 14. Bxf6 Bxf6 15. Ndf3 g6 16. g4 fxg4 17. Nxg4 Bg7 18. Qd2 Qe7 19. Rae1 Rae8 20. Qf2 Bc8 21. Nge5 f6 22. Nd3 Bh3 23. dxc5 bxc5 24. b4 Bxf1 25. Kxf1 cxb4 26. Nxb4 Qc5 27. Qd2 Qc4+ 28. Kf2 Rd8 29. Nd4 Rfe8 30. Nbc6 Rd6 31. Na5 Qa4 32. Nab3 f5 33. Re2 Qc4 34. Qb2 Ra6 35. Qd2 Bxd4 36. cxd4 Rb8 37. Nc5 Ra3 38. h4 Rb1 39. h5 Ra1 40. Qb2 R1xa2 41. Qb8+ Kg7 42. Ne6+ Kh6 43. Qf8+ Kxh5 44. Ng7+ Kg4 0-1


[Site "https://www.chess.com"]

[Event "Titled Tuesday Blitz August 1 Early 2023"]
[White "cycygogne"]
[Black "Hrbek, Stepan"]
[BlackFideId "393479"]
[WhiteElo "2151"]
[BlackElo "2337"]
[Result "1-0"]
[Round "4"]
[TimeControl "180+1"]
[Date "2023.08.01"]
[WhiteClock "0:00:09"]
[BlackClock "0:00:01"]
[Board "221"]

1. e4 c5 2. Nf3 d6 3. d4 cxd4 4. Nxd4 Nf6 5. Nc3 Nc6 6. Be3 Ng4 7. Bb5 Nxe3 8. fxe3 Bd7 9. O-O e6 10. Bxc6 bxc6 11. Qf3 Qf6 12. Qe2 Qd8 13. Qf3 Qf6 14. Qe2 Qe7 15. Rf3 g6 16. Raf1 Bg7 17. Rxf7 Qxf7 18. Rxf7 Kxf7 19. Qa6 Rhb8 20. Nxc6 Rb6 21. Qf1+ Kg8 22. Ne7+ Kh8 23. Qf7 Rf8 24. Nxg6+ hxg6 25. Qxd7 Rxb2 26. Qxd6 Rxc2 27. Nd1 Rxa2 28. Qxe6 Ra1 29. Qh3+ Kg8 30. Qe6+ Rf7 31. Qc8+ Rf8 32. Qe6+ Rf7 33. Qc8+ Bf8 34. Qc2 a5 35. e5 Kh7 36. e6 Rb7 37. Kf2 Rab1 38. h4 Kh6 39. g4 Kg7 40. h5 gxh5 41. gxh5 Kf6 42. Qg6+ Ke5 43. Qg5+ Kxe6 44. Qg6+ Ke5 45. Nc3 R1b2+ 46. Kf3 Bg7 47. Qe4+ Kd6 48. Qd5+ Kc7 49. Qf7+ Kb8 50. Qe8+ Ka7 51. Nd5 R2b5 52. e4 Rb3+ 53. Kg4 a4 54. Qxa4+ Kb8 55. Qe8+ Ka7 56. Qa4+ Kb8 57. Qa5 R3b5 58. Qd8+ Ka7 59. Nc7 Rb4 60. Qa8+ Kb6 61. Nd5+ Kc5 62. Nxb4 Rxb4 63. Qa7+ Kc6 64. Qxg7 Rxe4+ 65. Kf5 Rb4 66. Qf6+ Kb7 67. Qe7+ Ka8 68. Qxb4 1-0


[Site "https://www.chess.com"]

[Event "Titled Tuesday Blitz August 1 Early 2023"]
[White "Johnson, Ben"]
[Black "Pavlidou, Ekaterini"]
[WhiteFideId "2010917"]
[BlackFideId "4213262"]
[WhiteElo "2133"]
[BlackElo "2327"]
[Result "0-1"]
[Round "4"]
[TimeControl "180+1"]
[Date "2023.08.01"]
[WhiteClock "0:01:48"]
[BlackClock "0:02:16"]
[Board "222"]

1. Nf3 d5 2. e3 c5 3. b3 Nc6 4. Bb2 Nf6 5. Bb5 Bg4 6. h3 Bh5 7. g4 Bg6 8. Ne5 Rc8 9. h4 d4 10. h5 Be4 11. d3 Bxh1 12. f3 Qd5 13. Nxf7 Qxf7 14. Kf2 Nxg4+ 0-1


[Site "https://www.chess.com"]

[Event "Titled Tuesday Blitz August 1 Early 2023"]
[White "Vifleemskaia, Svetlana"]
[Black "Floresvillar Gonzalez, Luis Migu"]
[WhiteFideId "4129490"]
[BlackFideId "5100542"]
[WhiteElo "2323"]
[BlackElo "2119"]
[Result "1-0"]
[Round "4"]
[TimeControl "180+1"]
[Date "2023.08.01"]
[WhiteClock "0:00:29"]
[BlackClock "0:00:08"]
[Board "223"]

1. d4 d5 2. c4 c6 3. cxd5 cxd5 4. Bf4 Nc6 5. e3 Bf5 6. Nc3 e6 7. Qb3 Qc8 8. Nb5 Bb4+ 9. Ke2 a6 10. Nc7+ Kd7 11. Nxa8 Qxa8 12. a3 Ba5 13. f3 Nge7 14. Kf2 f6 15. g4 Bg6 16. Bd3 h5 17. Ne2 hxg4 18. fxg4 b5 19. h4 Qc8 20. h5 Bxd3 21. Qxd3 Bc7 22. Bxc7 Qxc7 23. Rac1 f5 24. g5 Qd8 25. Rcg1 Nc8 26. h6 gxh6 27. gxh6 Nd6 28. Rg7+ Ne7 29. Ng3 Qb8 30. Qc2 Nc4 31. b3 f4 32. bxc4 fxg3+ 33. Rxg3 dxc4 34. Qe4 Nf5 35. Rg6 Qd6 36. h7 a5 37. Rg8 Qxa3 38. Qb7+ Kd6 39. Qb6+ Ke7 40. Qc5+ Qxc5 41. dxc5 Rxh7 42. Rxh7+ Kf6 43. Ra8 a4 44. Rb7 c3 45. Ke2 c2 46. Kd2 Nxe3 47. Rxb5 Nc4+ 48. Kc1 Na3 49. Rb6 1-0


[Site "https://www.chess.com"]

[Event "Titled Tuesday Blitz August 1 Early 2023"]
[White "Vasques, Antonio Pedro Freixial"]
[Black "ilya2700"]
[WhiteFideId "1908332"]
[WhiteElo "2316"]
[BlackElo "2043"]
[Result "0-1"]
[Round "4"]
[TimeControl "180+1"]
[Date "2023.08.01"]
[WhiteClock "0:00:00"]
[BlackClock "0:00:38"]
[Board "224"]

1. d4 d5 2. Nf3 e6 3. c4 c5 4. cxd5 exd5 5. Nc3 Nf6 6. Bg5 Be6 7. e3 Nc6 8. Be2 Be7 9. O-O O-O 10. dxc5 Bxc5 11. Rc1 Bb6 12. Nb5 Rc8 13. Qd2 Ne4 14. Bxd8 Nxd2 15. Bxb6 Nxf3+ 16. Bxf3 axb6 17. Nd6 Ra8 18. Nxb7 Ne5 19. a3 Nc4 20. b3 Nxa3 21. Nd6 Rfd8 22. Rc6 Rab8 23. Rd1 Bd7 24. Rc7 Be6 25. Ra1 Rxd6 26. Rxa3 d4 27. exd4 Rxd4 28. g3 Bh3 29. Ra1 Rd3 30. Bg2 Bxg2 31. Kxg2 Rxb3 32. Raa7 Rf8 33. Rab7 g6 0-1


[Site "https://www.chess.com"]

[Event "Titled Tuesday Blitz August 1 Early 2023"]
[White "Gopal, K.N."]
[Black "Martin, Lewis"]
[WhiteFideId "5001447"]
[BlackFideId "410551"]
[WhiteElo "2037"]
[BlackElo "2271"]
[Result "1/2-1/2"]
[Round "4"]
[TimeControl "180+1"]
[Date "2023.08.01"]
[WhiteClock "0:00:11"]
[BlackClock "0:00:15"]
[Board "225"]

1. c4 c6 2. g3 d5 3. Bg2 Nf6 4. Nf3 Nbd7 5. b3 e5 6. Bb2 Bd6 7. c5 Bxc5 8. O-O e4 9. Nd4 O-O 10. d3 exd3 11. Qxd3 Ne5 12. Qc2 Bd6 13. Nd2 Re8 14. Nf5 Bf8 15. Rfe1 g6 16. Nd4 Bg7 17. Rad1 Qb6 18. e4 Bg4 19. Rc1 Rad8 20. exd5 Nxd5 21. Nc4 Nxc4 22. Rxe8+ Rxe8 23. Qxc4 Qb4 24. Bxd5 Qxc4 25. Bxc4 c5 26. Bb5 Rd8 27. h3 Bxh3 28. Rxc5 Bxd4 29. Bxd4 Rxd4 30. Rc7 a6 31. Bc4 Be6 32. Bxe6 fxe6 33. Rxb7 Rd2 34. Rb6 Rxa2 35. Rxe6 Kf7 36. Rb6 h5 37. Kg2 Kg7 38. Kf3 Kh6 39. Ke3 Kg5 40. Rc6 Ra3 41. Rc3 a5 42. Ke4 Ra2 43. f4+ Kg4 44. Rc5 Re2+ 45. Kd3 Rg2 46. Rg5+ Kf3 47. Rxg6 h4 48. f5 h3 49. f6 h2 50. Rh6 Kxg3 51. f7 Rf2 52. Rg6+ Kh3 53. Rh6+ Kg2 54. Rg6+ Kf1 55. Rh6 Kg1 56. Rg6+ Kf1 57. Rh6 Rxf7 58. Rxh2 Rf3+ 59. Kc4 Rf4+ 60. Kb5 Rb4+ 61. Kxa5 Rxb3 62. Rc2 Rf3 63. Ra2 Rf2 1/2-1/2


[Site "https://www.chess.com"]

[Event "Titled Tuesday Blitz August 1 Early 2023"]
[White "Castillo Pena, Patricia Evarista"]
[Black "Schut, Han"]
[WhiteFideId "6412106"]
[BlackFideId "1005561"]
[WhiteElo "1991"]
[BlackElo "2268"]
[Result "0-1"]
[Round "4"]
[TimeControl "180+1"]
[Date "2023.08.01"]
[WhiteClock "0:00:14"]
[BlackClock "0:00:59"]
[Board "226"]

1. d4 Nf6 2. Nf3 g6 3. Nc3 d5 4. Bf4 Bg7 5. e3 O-O 6. Be2 c5 7. Ne5 cxd4 8. exd4 Nc6 9. O-O Bf5 10. g4 Be6 11. h3 Rc8 12. a3 Ne4 13. Nxc6 bxc6 14. Nxe4 dxe4 15. c4 Qxd4 16. Qxd4 Bxd4 17. Rab1 c5 18. Rfd1 Rfd8 19. Bg5 f6 20. Be3 Kf7 21. Kf1 h5 22. Kg2 h4 23. b3 Rb8 24. Kf1 f5 25. gxf5 Bxf5 26. Kg2 e5 27. Bg5 Rh8 28. Be3 Kf6 29. Rg1 g5 30. Bg4 Bxg4 31. hxg4 Bxe3 32. fxe3 Rbd8 33. Rgd1 Rd3 34. Kf2 Rhd8 35. Ke2 Rxd1 36. Rxd1 Rxd1 37. Kxd1 h3 0-1


[Site "https://www.chess.com"]

[Event "Titled Tuesday Blitz August 1 Early 2023"]
[White "Zaichenko, Daria"]
[Black "Derige Kane, Yan"]
[WhiteFideId "4197453"]
[BlackFideId "20665431"]
[WhiteElo "2266"]
[BlackElo "2581"]
[Result "0-1"]
[Round "4"]
[TimeControl "180+1"]
[Date "2023.08.01"]
[WhiteClock "0:00:03"]
[BlackClock "0:00:36"]
[Board "227"]

1. e4 c6 2. d4 d5 3. Nc3 dxe4 4. Nxe4 Nf6 5. Nxf6+ exf6 6. c3 Bd6 7. Bd3 O-O 8. Qc2 Re8+ 9. Be3 h5 10. O-O-O Be6 11. Kb1 Nd7 12. Ne2 Qa5 13. b3 Nf8 14. Ng3 g6 15. f4 f5 16. c4 Qc7 17. Rhf1 Bxc4 18. bxc4 Rxe3 19. Bxf5 Bxf4 20. Qf2 Bh6 21. Bc2 Rae8 22. d5 Bg7 23. Ne4 R8xe4 24. Bxe4 Rxe4 25. Rd3 Qe5 26. Qxf7+ Kh7 27. Kc2 Qb2+ 28. Kd1 Qe2+ 29. Kc1 Qxd3 0-1


[Site "https://www.chess.com"]

[Event "Titled Tuesday Blitz August 1 Early 2023"]
[White "Degenbaev, Aziz"]
[Black "Avalos Parra, Joao"]
[WhiteFideId "13802640"]
[BlackFideId "3402541"]
[WhiteElo "2556"]
[BlackElo "2264"]
[Result "1-0"]
[Round "4"]
[TimeControl "180+1"]
[Date "2023.08.01"]
[WhiteClock "0:02:35"]
[BlackClock "0:01:34"]
[Board "228"]

1. d4 e6 2. Nf3 Nf6 3. c4 d5 4. g3 Bb4+ 5. Bd2 Be7 6. Bg2 O-O 7. O-O Nbd7 8. Qc2 c6 9. Rd1 a5 10. a3 h6 11. Bf4 Ne4 12. Nc3 f5 13. Ne5 Nxe5 14. Bxe5 Rf7 15. Nxe4 fxe4 16. f3 exf3 17. exf3 Bf6 18. Bxf6 Qxf6 19. f4 Bd7 20. b4 Qd8 21. c5 Be8 22. Bf1 Rf6 23. Bd3 h5 24. Qe2 h4 25. Kg2 Rh6 26. Bc2 Qf6 27. Qe5 Bh5 28. Qxf6 Rxf6 29. Re1 Raf8 30. bxa5 g5 31. Re5 Rf5 32. Bxf5 1-0


[Site "https://www.chess.com"]

[Event "Titled Tuesday Blitz August 1 Early 2023"]
[White "Gutkin, Ilya"]
[Black "Nord, Alexander"]
[WhiteFideId "16203470"]
[BlackFideId "1738135"]
[WhiteElo "2490"]
[BlackElo "2252"]
[Result "1-0"]
[Round "4"]
[TimeControl "180+1"]
[Date "2023.08.01"]
[WhiteClock "0:00:38"]
[BlackClock "0:00:06"]
[Board "229"]

1. e4 e6 2. d4 d5 3. exd5 exd5 4. Nc3 Nf6 5. Bd3 Bd6 6. Nge2 O-O 7. O-O c6 8. Bf4 Bg4 9. f3 Bh5 10. Qd2 Bg6 11. Rae1 Bxd3 12. Qxd3 Re8 13. Bg5 Nbd7 14. Ng3 Qc7 15. Nce2 h6 16. Bc1 Re6 17. Kf2 Rae8 18. c3 c5 19. Nf5 c4 20. Qc2 Bf8 21. Bf4 Qa5 22. a3 b5 23. Neg3 Rxe1 24. Rxe1 Rxe1 25. Kxe1 Qd8 26. Qe2 Qe8 27. Nf1 Qxe2+ 28. Kxe2 Nb6 29. Kd2 Kh7 30. Bd6 Kg8 31. N1e3 Na4 32. Kc2 a6 33. Be5 Nb6 34. Nxh6+ gxh6 35. Bxf6 Bd6 36. g3 Kh7 37. Bd8 Nd7 38. Nxd5 1-0


[Site "https://www.chess.com"]

[Event "Titled Tuesday Blitz August 1 Early 2023"]
[White "Clawitter, Craig"]
[Black "Girya, Olga"]
[WhiteFideId "2023105"]
[BlackFideId "4195752"]
[WhiteElo "2251"]
[BlackElo "2483"]
[Result "0-1"]
[Round "4"]
[TimeControl "180+1"]
[Date "2023.08.01"]
[WhiteClock "0:00:04"]
[BlackClock "0:02:01"]
[Board "230"]

1. e4 e5 2. Nf3 Nc6 3. Bb5 a6 4. Ba4 Nf6 5. O-O Nxe4 6. d4 b5 7. Bb3 d5 8. dxe5 Be6 9. Nbd2 Be7 10. c3 Nc5 11. Bc2 d4 12. cxd4 Nxd4 13. Ne4 Nxc2 14. Qxc2 Qd3 15. Qxd3 Nxd3 16. a4 O-O 17. Bg5 Bb4 18. Rfb1 Bf5 19. Ng3 Bg6 20. b3 Bc3 21. Ra2 Nxe5 22. Nxe5 Bxb1 0-1


[Site "https://www.chess.com"]

[Event "Titled Tuesday Blitz August 1 Early 2023"]
[White "Tokman, Ariel"]
[Black "Smietanska, Wiktoria"]
[WhiteFideId "117420"]
[BlackFideId "21869359"]
[WhiteElo "2482"]
[BlackElo "2251"]
[Result "1-0"]
[Round "4"]
[TimeControl "180+1"]
[Date "2023.08.01"]
[WhiteClock "0:00:20"]
[BlackClock "0:00:00"]
[Board "231"]

1. c4 Nf6 2. Nc3 g6 3. g3 Bg7 4. Bg2 O-O 5. Nf3 d6 6. O-O Nc6 7. d3 e5 8. Rb1 a5 9. a3 Nh5 10. b4 f5 11. b5 Ne7 12. Qc2 f4 13. a4 h6 14. Bb2 g5 15. Ne4 g4 16. Nh4 Nf6 17. d4 Nxe4 18. Qxe4 Nf5 19. Nxf5 Bxf5 20. Qd5+ Kh8 21. Rbd1 exd4 22. Bxd4 Bg6 23. Bxg7+ Kxg7 24. Qd4+ Qf6 25. gxf4 Rae8 26. e3 Qxd4 27. Rxd4 Bc2 28. Bxb7 Bxa4 29. Ra1 Bc2 30. Rxa5 Rb8 31. Ra7 Rf7 32. Be4 Bxe4 33. Rxe4 c6 34. Rxf7+ Kxf7 35. bxc6 Rc8 36. Kg2 Rxc6 37. Kg3 h5 38. Kh4 Rc5 39. Rd4 Ke6 40. Rd5 Rxc4 41. Rxh5 Rc2 42. Kg3 d5 43. Rg5 Kd6 44. Rxg4 Rc3 45. Kf3 d4 46. Rg1 d3 47. Ke4 Kc5 48. f5 Kc4 49. f6 d2 50. Rd1 Rd3 51. f7 Rd8 52. Rxd2 Rxd2 53. f8=Q 1-0


[Site "https://www.chess.com"]

[Event "Titled Tuesday Blitz August 1 Early 2023"]
[White "Pein, Jonathan"]
[Black "Vaglio Munoz, Jaime"]
[WhiteFideId "417092"]
[BlackFideId "6500145"]
[WhiteElo "2456"]
[BlackElo "2246"]
[Result "0-1"]
[Round "4"]
[TimeControl "180+1"]
[Date "2023.08.01"]
[WhiteClock "0:00:43"]
[BlackClock "0:00:39"]
[Board "232"]

1. e4 c5 2. Nf3 Qa5 3. Na3 d6 4. c3 Nc6 5. Nc4 Qc7 6. d4 e6 7. Bf4 b5 8. Ne3 cxd4 9. cxd4 Nf6 10. Bd3 Qb6 11. O-O Bb7 12. Qb3 a6 13. e5 dxe5 14. dxe5 Nd7 15. Be4 Nc5 16. Bxc6+ Bxc6 17. Qc2 Rc8 18. Rac1 Be7 19. Ng5 h6 20. Nf3 O-O 21. Qe2 b4 22. Nc4 Qb5 23. Nd6 Qxe2 24. Rxc5 Bxd6 25. exd6 Bxf3 26. Rxc8 Rxc8 27. gxf3 e5 28. Be3 Qd3 29. Rd1 Qxd1+ 30. Kg2 Qxd6 31. h4 f5 0-1


[Site "https://www.chess.com"]

[Event "Titled Tuesday Blitz August 1 Early 2023"]
[White "Samaganova, Aleksandra"]
[Black "Balla, Tamas-Kristof"]
[WhiteFideId "13800221"]
[BlackFideId "1208497"]
[WhiteElo "2241"]
[BlackElo "2431"]
[Result "1-0"]
[Round "4"]
[TimeControl "180+1"]
[Date "2023.08.01"]
[WhiteClock "0:00:14"]
[BlackClock "0:00:03"]
[Board "233"]

1. c4 c5 2. Nc3 Nc6 3. g3 g6 4. Bg2 Bg7 5. e3 e6 6. Nge2 Nge7 7. O-O O-O 8. d4 cxd4 9. exd4 d5 10. cxd5 exd5 11. h3 Be6 12. Be3 Qd7 13. Kh2 Nf5 14. Qd2 Rad8 15. Rad1 Rfe8 16. a3 Nxe3 17. fxe3 a6 18. Nf4 Ne7 19. Qf2 Qd6 20. Na4 Nf5 21. Nc5 Bc8 22. Rfe1 b6 23. Ncd3 Be6 24. Nb4 a5 25. Nbxd5 Bxd5 26. Nxd5 h5 27. e4 Ne7 28. e5 Qe6 29. Nc7 Qa2 30. Nxe8 Rxe8 31. d5 Nf5 32. d6 Qe6 33. Bd5 Qd7 34. Qg2 h4 35. Bc6 hxg3+ 36. Kh1 Qe6 37. Bxe8 Qxe8 38. d7 Qd8 39. e6 fxe6 40. Rxe6 Nh4 41. Re8+ Kh7 42. Rxd8 Nxg2 43. Kxg2 1-0


[Site "https://www.chess.com"]

[Event "Titled Tuesday Blitz August 1 Early 2023"]
[White "Palacio,Igor Da Paz"]
[Black "Ladan, Nicholas"]
[WhiteFideId "2121140"]
[BlackFideId "30918855"]
[WhiteElo "2237"]
[BlackElo "2392"]
[Result "0-1"]
[Round "4"]
[TimeControl "180+1"]
[Date "2023.08.01"]
[WhiteClock "0:00:00"]
[BlackClock "0:00:17"]
[Board "234"]

1. e4 b6 2. d4 Bb7 3. Nc3 Nf6 4. Bd3 e6 5. Nf3 Bb4 6. Qe2 d5 7. exd5 Nxd5 8. Bd2 Bxc3 9. bxc3 Qf6 10. Bg5 Nf4 11. Bxf6 Nxe2 12. Bxg7 Rg8 13. Kxe2 Rxg7 14. g3 Nd7 15. Rhe1 O-O-O 16. Nd2 Nf6 17. Rab1 Nd5 18. Rb3 a5 19. c4 Nb4 20. c3 Nxd3 21. Kxd3 Ba6 22. f4 h5 23. Re3 h4 24. Rb1 hxg3 25. hxg3 Rh8 26. Rbe1 Kd7 27. Nf3 Ke7 28. Ng5 Kf6 29. Re5 Rh2 30. R1e2 Rh1 31. Re1 Rh2 32. R5e2 Rh5 33. Re5 Rh8 34. R5e4 c6 35. Re5 Rgg8 36. a4 Rb8 0-1


[Site "https://www.chess.com"]

[Event "Titled Tuesday Blitz August 1 Early 2023"]
[White "alfianasybullina"]
[Black "Mika, Tomasz"]
[BlackFideId "1132970"]
[WhiteElo "2219"]
[BlackElo "2381"]
[Result "0-1"]
[Round "4"]
[TimeControl "180+1"]
[Date "2023.08.01"]
[WhiteClock "0:01:19"]
[BlackClock "0:02:11"]
[Board "235"]

1. d4 Nf6 2. Nf3 d5 3. Bf4 c5 4. c3 Nc6 5. e3 Qb6 6. Qb3 c4 7. Qxb6 axb6 8. Na3 Ra5 9. Nc2 Bf5 10. Nb4 Nxb4 11. cxb4 Ra4 12. a3 e5 13. Nxe5 Bxb4+ 14. Kd1 Ne4 15. Rc1 Nxf2+ 16. Ke2 Nxh1 17. axb4 Rxb4 0-1


[Site "https://www.chess.com"]

[Event "Titled Tuesday Blitz August 1 Early 2023"]
[White "Hoffmann, Asa"]
[Black "Liu, Leonardo"]
[WhiteFideId "2001470"]
[BlackFideId "30965780"]
[WhiteElo "2380"]
[BlackElo "2212"]
[Result "0-1"]
[Round "4"]
[TimeControl "180+1"]
[Date "2023.08.01"]
[WhiteClock "0:01:31"]
[BlackClock "0:01:43"]
[Board "236"]

1. d4 Nf6 2. Bg5 g6 3. Nc3 Bg7 4. Qd2 O-O 5. Bh6 d5 6. h4 c5 7. Nf3 cxd4 8. Nxd4 Nc6 9. Nxc6 bxc6 10. h5 e5 11. hxg6 fxg6 12. Bxg7 Kxg7 13. Qh6+ Kg8 14. e3 Rf7 15. O-O-O Rb8 16. Bd3 Ng4 17. Qh4 Qxh4 18. Rxh4 Nxf2 19. Re1 Nxd3+ 20. cxd3 Ba6 21. d4 Rf2 22. dxe5 Rbxb2 23. Rf4 Rfc2+ 24. Kd1 Rd2+ 25. Kc1 Rbc2+ 26. Kb1 Rxc3 27. e6 Bd3+ 28. Ka1 Rcc2 29. Ra4 Bc4 30. e7 Rxa2+ 31. Rxa2 Rxa2+ 32. Kb1 Kf7 33. e4 Kxe7 34. exd5+ Kd6 35. dxc6 Kxc6 36. Rc1 Ra4 0-1


[Site "https://www.chess.com"]

[Event "Titled Tuesday Blitz August 1 Early 2023"]
[White "Luong Phuong Hanh"]
[Black "Kuchava, Ana"]
[WhiteFideId "12401013"]
[BlackFideId "13605348"]
[WhiteElo "2359"]
[BlackElo "2196"]
[Result "1-0"]
[Round "4"]
[TimeControl "180+1"]
[Date "2023.08.01"]
[WhiteClock "0:00:59"]
[BlackClock "0:00:00"]
[Board "238"]

1. d4 d5 2. c4 e6 3. Nf3 Nf6 4. g3 Bb4+ 5. Bd2 Be7 6. Bg2 O-O 7. O-O c6 8. Qc2 b6 9. Bf4 Ba6 10. Ne5 Nfd7 11. cxd5 cxd5 12. Nc3 Nxe5 13. dxe5 Nd7 14. Rfd1 Rc8 15. Qa4 Nc5 16. Qc2 Qc7 17. Rac1 Rfd8 18. b4 Nd7 19. Qa4 Bc4 20. Bxd5 Nc5 21. bxc5 Bxd5 22. Nxd5 Rxd5 23. Rxd5 exd5 24. e6 Qd8 25. exf7+ Kxf7 26. c6 a5 27. c7 Qe8 28. Qd4 Bf6 29. Qxd5+ Qe6 30. Qxe6+ Kxe6 31. Rc6+ Kd7 32. Rxb6 Re8 33. Rb8 Rc8 34. Rb5 1-0


[Site "https://www.chess.com"]